[Event "Titled Tuesday Blitz January 04 2022"]
[White "Grischuk, Alexander"]
[Black "Aitbayev, Aslan"]
[WhiteFideId "4126025"]
[BlackFideId "13704613"]
[WhiteElo "2762"]
[BlackElo "2385"]
[Result "1-0"]
[Round "03"]
[TimeControl "180+1"]
[Date "2022.01.04"]
[WhiteClock "0:00:05"]
[BlackClock "0:00:05"]

1. e4 e6 2. d4 d5 3. e5 c5 4. c3 Nc6 5. Nf3 Bd7 6. Be2 Nge7 7. Na3 cxd4 8. cxd4 Nf5 9. Nc2 Qb6 10. O-O Rc8 11. Kh1 Nb4 12. Nxb4 Bxb4 13. g4 Nh6 14. Rg1 Bb5 15. Bxb5+ Qxb5 16. Be3 Ng8 17. Qb3 a6 18. Rac1 Ne7 19. Rxc8+ Nxc8 20. Rc1 O-O 21. a3 Ba5 22. Qxb5 axb5 23. Bd2 Bb6 24. Bb4 Rd8 25. Bc5 Bc7 26. Rc3 Rd7 27. g5 h6 28. Kg2 hxg5 29. Nxg5 b6 30. Bb4 Na7 31. f4 Bd8 32. Bd6 Bxg5 33. fxg5 Kh7 34. Kg3 Kg6 35. Kg4 f5+ 36. Kf4 b4 37. Bxb4 Nb5 38. Rc6 Nxd4 39. Rxb6 Rc7 40. h4 Rc4 41. Ke3 Kh5 42. Kd3 Nc6 43. Bc3 f4 44. b3 Rc5 45. b4 Rc4 46. b5 Ne7 47. Rxe6 Nf5 48. Rc6 f3 49. Rxc4 dxc4+ 50. Kd2 f2 51. Ke2 Ng3+ 52. Kxf2 Ne4+ 53. Ke1 Nxc3 54. b6 1-0


[Site "https://www.chess.com"]

[Event "Titled Tuesday Blitz January 04 2022"]
[White "Gunina, Valentina"]
[Black "Pranav, V"]
[WhiteFideId "4167570"]
[BlackFideId "25060783"]
[WhiteElo "2465"]
[BlackElo "2349"]
[Result "1-0"]
[Round "03"]
[TimeControl "180+1"]
[Date "2022.01.04"]
[WhiteClock "0:00:15"]
[BlackClock "0:00:04"]

1. d4 Nf6 2. c4 e6 3. Nf3 b6 4. g3 Ba6 5. b3 Bb4+ 6. Bd2 Be7 7. Nc3 Bb7 8. Bg2 O-O 9. O-O d5 10. cxd5 exd5 11. Bf4 a6 12. Rc1 Re8 13. Ne5 c5 14. e3 Nbd7 15. Nxd7 Qxd7 16. dxc5 Bxc5 17. Na4 Qe7 18. b4 Bd6 19. Nxb6 Rad8 20. Bxd6 Qxd6 21. Qd4 h5 22. a3 h4 23. Na4 hxg3 24. hxg3 Bc8 25. Nc5 Ng4 26. Bf3 Ne5 27. Be2 Qh6 28. Qh4 Qg6 29. Kg2 Bg4 30. Rh1 f6 31. Bxg4 Nxg4 32. Qh5 Qxh5 33. Rxh5 d4 34. e4 d3 35. Rd1 d2 36. Kf3 Ne5+ 37. Ke2 Nc4 38. a4 Rd4 39. f3 Rd6 40. a5 Kf7 41. Nb7 Rd4 42. Rc5 Re7 43. Nd8+ Rxd8 44. Rxc4 Red7 45. Rc2 Rb7 46. Rb2 Rd4 47. Rdxd2 Rbxb4 48. Rxb4 Rxb4 49. Rd6 Rb2+ 50. Ke3 Rb3+ 51. Kf4 g5+ 52. Kg4 Rb5 53. Rxa6 Kg6 54. f4 gxf4 55. gxf4 Kf7 56. Ra7+ Kg6 57. f5+ Kh6 58. Rf7 Rb6 59. Rh7+ 1-0


[Site "https://www.chess.com"]

[Event "Titled Tuesday Blitz January 04 2022"]
[White "Harutjunyan, Gevorg"]
[Black "Provotorov, Ivan"]
[WhiteFideId "13300873"]
[BlackFideId "4154657"]
[WhiteElo "2498"]
[BlackElo "2291"]
[Result "1-0"]
[Round "03"]
[TimeControl "180+1"]
[Date "2022.01.04"]
[WhiteClock "0:00:55"]
[BlackClock "0:00:01"]

1. e4 c6 2. d4 d5 3. e5 c5 4. dxc5 e6 5. Bd3 Bxc5 6. Qg4 Kf8 7. Nf3 Ne7 8. O-O Nbc6 9. a3 a5 10. Nc3 Ng6 11. Qg3 Nd4 12. Ng5 Bd7 13. Be3 Ba7 14. h4 Qc7 15. h5 Nxe5 16. h6 g6 17. Rae1 f6 18. Qf4 Nf5 19. Bxa7 Rxa7 20. Nf3 Nxf3+ 21. Qxf3 Ra8 22. g4 Rg8 23. Kh1 Nd6 24. Qxf6+ Nf7 25. Nxd5 Qd8 26. Qxd8+ Rxd8 27. Nf6 Bc6+ 28. Kh2 Rh8 29. f4 Nxh6 30. Rxe6 Kf7 31. Rfe1 Rhf8 32. g5 Nf5 33. Bc4 Kg7 34. Re7+ Nxe7 35. Rxe7+ Rf7 36. Rxf7+ 1-0


[Site "https://www.chess.com"]

[Event "Titled Tuesday Blitz January 04 2022"]
[White "Ibarra Jerez, Jose Carlos"]
[Black "Rubinstein_Akiba"]
[WhiteFideId "2226332"]
[WhiteElo "2626"]
[BlackElo "2629"]
[Result "1-0"]
[Round "03"]
[TimeControl "180+1"]
[Date "2022.01.04"]
[WhiteClock "0:00:09"]
[BlackClock "0:00:27"]

1. e4 c5 2. Nc3 Nc6 3. Nf3 e5 4. Bc4 Be7 5. d3 Nf6 6. Ng5 O-O 7. O-O Na5 8. f4 Nxc4 9. dxc4 d6 10. f5 a6 11. a4 Bd7 12. a5 b5 13. axb6 Qxb6 14. Nf3 Bc6 15. Qd3 Qb7 16. Re1 h6 17. h3 Nh7 18. g4 Qc7 19. h4 Qd8 20. g5 hxg5 21. hxg5 Nxg5 22. Bxg5 Bxg5 23. Kg2 Qf6 24. Rh1 g6 25. Rag1 Bf4 26. Kf2 Kg7 27. Nh4 g5 28. Nf3 Rh8 29. Rxh8 Rxh8 30. Ne2 Rh3 31. Nxf4 exf4 32. Rxg5+ Kf8 33. Rg4 Ke7 34. Rxf4 Qxb2 35. f6+ Kd7 36. Ne5+ Qxe5 37. Qxh3+ Kc7 38. Qe3 Ba4 39. c3 Bb3 40. Qf3 Bxc4 41. Rf5 Qh2+ 42. Qg2 Qh4+ 43. Ke3 Qe1+ 44. Kf4 Be6 45. Rh5 Qc1+ 46. Kg3 Qxc3+ 47. Qf3 Qe1+ 48. Kg2 Bc4 49. Kh2 Qd2+ 50. Qg2 Qf4+ 51. Qg3 Qxf6 52. Rxc5+ Kd7 53. Rxc4 Qh6+ 54. Qh3+ Qxh3+ 55. Kxh3 Ke6 56. Kg4 Ke5 57. Kf3 f5 58. exf5 Kxf5 59. Ke3 Ke5 60. Ra4 a5 61. Rxa5+ d5 62. Kd3 Kd6 63. Kd4 Kc6 64. Rxd5 Kb6 1-0


[Site "https://www.chess.com"]

[Event "Titled Tuesday Blitz January 04 2022"]
[White "Kobalia, Mikhail"]
[Black "Vovk, Orest"]
[WhiteFideId "4119150"]
[BlackFideId "14113490"]
[WhiteElo "2667"]
[BlackElo "2203"]
[Result "1/2-1/2"]
[Round "03"]
[TimeControl "180+1"]
[Date "2022.01.04"]
[WhiteClock "0:00:21"]
[BlackClock "0:01:34"]

1. e4 g5 2. d4 h6 3. h4 g4 4. Qxg4 d5 5. Qe2 dxe4 6. Qxe4 Nf6 7. Qd3 Nc6 8. Nf3 Bg4 9. Nbd2 Qd5 10. c4 Qh5 11. d5 O-O-O 12. Qb3 Ne5 13. Nxe5 Qxe5+ 14. Qe3 Qxe3+ 15. fxe3 e6 16. e4 exd5 17. cxd5 Nxe4 18. Nxe4 Re8 19. Bd3 f5 20. O-O fxe4 21. Bb5 Bc5+ 22. Kh2 Ref8 23. Rxf8+ Rxf8 24. Bxh6 Bd6+ 25. Kg1 Bc5+ 26. Kh2 Bd6+ 27. Kg1 Bc5+ 28. Kh2 1/2-1/2


[Site "https://www.chess.com"]

[Event "Titled Tuesday Blitz January 04 2022"]
[White "Kravtsiv, Martyn"]
[Black "Primbetov, Kazbek"]
[WhiteFideId "14113147"]
[BlackFideId "13702297"]
[WhiteElo "2694"]
[BlackElo "2184"]
[Result "1-0"]
[Round "03"]
[TimeControl "180+1"]
[Date "2022.01.04"]
[WhiteClock "0:00:36"]
[BlackClock "0:00:02"]

1. e4 c5 2. Nf3 d6 3. Bb5+ Bd7 4. Bxd7+ Qxd7 5. c4 Nc6 6. d4 Nf6 7. Nc3 cxd4 8. Nxd4 Nxd4 9. Qxd4 g6 10. O-O Bg7 11. Qd3 O-O 12. h3 Rfc8 13. Be3 Qc6 14. b3 e6 15. Rac1 Nd7 16. Rfd1 Be5 17. Bd4 Bf4 18. Re1 Bxc1 19. Rxc1 a6 20. Qd2 b5 21. Qh6 f6 22. h4 bxc4 23. h5 gxh5 24. Re1 e5 25. Nd5 exd4 26. Ne7+ Kh8 27. Ng6+ Kg8 28. Ne7+ Kh8 29. Nxc6 Rxc6 30. bxc4 Rxc4 31. Qxh5 Ne5 32. Qh6 Nd7 33. Qf4 Rac8 34. Qxd6 R8c7 35. Rd1 Kg7 36. Rxd4 Rc1+ 37. Kh2 Ne5 38. f3 R1c2 39. Rd2 R2c6 40. Qd8 1-0


[Site "https://www.chess.com"]

[Event "Titled Tuesday Blitz January 04 2022"]
[White "Lenderman, Aleksandr"]
[Black "Alexiadis, Hristos"]
[WhiteFideId "2021285"]
[BlackFideId "4249623"]
[WhiteElo "2651"]
[BlackElo "2416"]
[Result "1-0"]
[Round "03"]
[TimeControl "180+1"]
[Date "2022.01.04"]
[WhiteClock "0:02:22"]
[BlackClock "0:02:02"]

1. Nf3 Nf6 2. c4 e6 3. Nc3 Bb4 4. Qc2 O-O 5. d4 d5 6. a3 Bxc3+ 7. Qxc3 Ne4 8. Qc2 c5 9. dxc5 Nc6 10. b4 a5 11. b5 Ne7 12. e3 Nxc5 13. Bb2 Ne4 14. Bd3 f5 15. O-O Bd7 16. cxd5 exd5 17. Rfc1 Qb6 18. Qc7 Qxc7 19. Rxc7 Rad8 20. Bxe4 dxe4 21. Ne5 1-0


[Site "https://www.chess.com"]

[Event "Titled Tuesday Blitz January 04 2022"]
[White "Lorparizangeneh, Shahin"]
[Black "Sadhwani, Raunak"]
[WhiteFideId "12521604"]
[BlackFideId "35093487"]
[WhiteElo "2525"]
[BlackElo "2616"]
[Result "0-1"]
[Round "03"]
[TimeControl "180+1"]
[Date "2022.01.04"]
[WhiteClock "0:00:06"]
[BlackClock "0:00:23"]

1. d4 Nf6 2. Nf3 g6 3. Bg5 Bg7 4. Nbd2 O-O 5. e3 b6 6. Be2 Bb7 7. O-O c5 8. a4 d6 9. c3 a6 10. Re1 Nbd7 11. Bd3 h6 12. Bh4 Qc7 13. e4 e5 14. dxe5 dxe5 15. Qc2 Nh5 16. Bg3 Nf4 17. Nc4 b5 18. axb5 axb5 19. Rxa8 Bxa8 20. Ne3 Nxd3 21. Qxd3 c4 22. Qc2 Nc5 23. Nd5 Bxd5 24. exd5 Nd3 25. Re2 Qd6 26. b3 Qxd5 27. bxc4 bxc4 28. h4 f5 29. Nd2 e4 30. Bc7 Ra8 31. Kh2 Qc6 32. Bg3 f4 33. Rxe4 fxg3+ 34. fxg3 Ne5 35. Nf1 h5 36. Ne3 Rd8 37. Rf4 Bh6 38. Re4 Re8 39. Nxc4 Ng4+ 0-1


[Site "https://www.chess.com"]

[Event "Titled Tuesday Blitz January 04 2022"]
[White "Makarian, Rudik"]
[Black "Yuan, Qingyu"]
[WhiteFideId "44105681"]
[BlackFideId "8609772"]
[WhiteElo "2486"]
[BlackElo "2359"]
[Result "1/2-1/2"]
[Round "03"]
[TimeControl "180+1"]
[Date "2022.01.04"]
[WhiteClock "0:00:06"]
[BlackClock "0:00:04"]

1. f4 d5 2. d3 Nf6 3. Nf3 g6 4. g3 Bg7 5. Bg2 O-O 6. O-O c5 7. Ne5 Nbd7 8. e4 dxe4 9. Nxd7 Bxd7 10. dxe4 e5 11. Nc3 exf4 12. gxf4 Bc6 13. e5 Nh5 14. Bxc6 bxc6 15. Qxd8 Raxd8 16. Be3 f6 17. Bxc5 Rfe8 18. exf6 Bxf6 19. Bxa7 Rd2 20. Rf2 Rxf2 21. Bxf2 Rb8 22. Ne4 Bxb2 23. Rb1 Nxf4 24. Kf1 Rb4 25. Nc5 Bc3 26. Rxb4 Bxb4 27. a4 Nd5 28. Nb7 Kf7 29. Ke2 Ke6 30. Kd3 Kd7 31. a5 Nc7 32. Kc4 Na6 33. Nc5+ Nxc5 34. Kxb4 Na6+ 35. Kc4 Ke6 36. Kd4 g5 37. Ke4 h6 38. Be3 Nb4 39. c3 Na6 40. Bd4 Nc7 41. Bg7 h5 42. Bh6 g4 43. Bg5 Na6 44. Bh4 Nc5+ 45. Kf4 Kd5 46. Kg5 Ne4+ 47. Kxh5 Nxc3 48. a6 Nb5 49. Bf2 c5 50. a7 Nxa7 51. Kxg4 Nc6 52. Kf5 Nd4+ 53. Kg4 Ke4 54. h4 Nf5 55. h5 c4 56. Be1 Ne3+ 57. Kg5 Nc2 58. h6 Nxe1 59. h7 c3 60. h8=Q Nf3+ 61. Kg4 Nd4 62. Qh6 Kd3 63. Qc1 c2 64. Qa3+ Kd2 65. Qb4+ Kd3 66. Qa3+ Kd2 67. Qa5+ Kd3 68. Qe1 Ne2 69. Kf3 c1=Q 70. Qxe2+ Kc3 71. Qe5+ Kc2 72. Qc5+ Kb1 73. Qxc1+ Kxc1 1/2-1/2


[Site "https://www.chess.com"]

[Event "Titled Tuesday Blitz January 04 2022"]
[White "Maly, Alexey"]
[Black "Bodnar, Nikolay"]
[WhiteFideId "14103184"]
[BlackFideId "14106469"]
[WhiteElo "2266"]
[BlackElo "2296"]
[Result "1-0"]
[Round "03"]
[TimeControl "180+1"]
[Date "2022.01.04"]
[WhiteClock "0:01:08"]
[BlackClock "0:00:07"]

1. d4 Nf6 2. c4 e6 3. Nf3 d5 4. e3 Be7 5. Nbd2 O-O 6. Bd3 a6 7. O-O dxc4 8. Nxc4 b5 9. Nce5 Bb7 10. a4 b4 11. b3 c5 12. Bb2 Nbd7 13. Qe2 cxd4 14. Bxd4 Nc5 15. Bc4 Nfe4 16. Rfd1 Qc7 17. Rac1 Rac8 18. Nd3 Qa5 19. Nxc5 Bxc5 20. Bxc5 Rxc5 21. Rd7 Bc8 22. Rd3 Nc3 23. Qe1 Qc7 24. h3 Bb7 25. Nd2 Qc6 26. f3 Qc7 27. e4 Rd8 28. Rxd8+ Qxd8 29. Nb1 Qd4+ 30. Kh2 Qe5+ 31. Kh1 Bxe4 32. Nxc3 bxc3 33. Qxe4 Qb8 34. Rxc3 Re5 35. Qb1 Qb4 36. Rc1 h5 37. Rd1 g6 38. Qb2 Qc5 39. f4 1-0


[Site "https://www.chess.com"]

[Event "Titled Tuesday Blitz January 04 2022"]
[White "Martinez Alcantara, Jose Eduardo"]
[Black "Begmuratov, Khumoyun"]
[WhiteFideId "3805662"]
[BlackFideId "14210207"]
[WhiteElo "2690"]
[BlackElo "1961"]
[Result "0-1"]
[Round "03"]
[TimeControl "180+1"]
[Date "2022.01.04"]
[WhiteClock "0:00:11"]
[BlackClock "0:01:17"]

1. e4 Nf6 2. e5 Nd5 3. d4 d6 4. Nf3 dxe5 5. Nxe5 g6 6. c4 Nb6 7. Nc3 Bg7 8. Be3 O-O 9. Be2 c5 10. f4 cxd4 11. Qxd4 Nc6 12. Qxd8 Rxd8 13. Nxc6 bxc6 14. Rc1 Bf5 15. b3 Bd4 16. Kf2 e5 17. Rhd1 f6 18. Bf3 Rac8 19. fxe5 fxe5 20. c5 Nd7 21. b4 Nf6 22. Bxd4 exd4 23. Ne2 d3 24. Nc3 d2 25. Ra1 Bc2 26. Rg1 Rd3 27. Nd1 Rf8 28. Ke2 g5 29. h3 h5 30. Bxc6 Rf7 31. b5 g4 32. hxg4 Re7+ 33. Kf1 Re1+ 0-1


[Site "https://www.chess.com"]

[Event "Titled Tuesday Blitz January 04 2022"]
[White "Mihok, Oliver"]
[Black "Zhigalko, Sergei"]
[WhiteFideId "728012"]
[BlackFideId "13502956"]
[WhiteElo "2376"]
[BlackElo "2662"]
[Result "0-1"]
[Round "03"]
[TimeControl "180+1"]
[Date "2022.01.04"]
[WhiteClock "0:00:02"]
[BlackClock "0:00:02"]

1. e4 c5 2. Nf3 Nc6 3. Nc3 Nf6 4. Bb5 Qc7 5. O-O Nd4 6. Ba4 a6 7. Nxd4 cxd4 8. Nd5 Nxd5 9. exd5 b5 10. Bb3 Bb7 11. d3 Qc5 12. Qf3 e6 13. Bg5 Bd6 14. Rfe1 O-O 15. Qg4 f5 16. Qf3 Rac8 17. h4 Bxd5 18. Bxd5 Qxd5 19. Qxd5 exd5 20. Re2 f4 21. h5 Rf5 22. Be7 Bxe7 23. Rxe7 Rxc2 24. Rxd7 h6 25. Re1 Rxh5 26. Rd6 a5 27. b3 Rxa2 28. Rb6 b4 29. Ra6 Rg5 30. Ra8+ Kh7 31. Kf1 Rh5 32. Kg1 Ra3 33. Ra7 Rg5 34. Kf1 Rxb3 35. Rxa5 Rxd3 36. Rb5 b3 37. Rb1 f3 38. g3 Rh5 39. Kg1 Re5 40. R5xb3 Rxb3 41. Rxb3 Re1+ 42. Kh2 Rd1 43. Rxf3 Kg6 44. Kg2 d3 45. Rf4 Kg5 46. Rd4 Kf5 47. Kf3 Ke5 0-1


[Site "https://www.chess.com"]

[Event "Titled Tuesday Blitz January 04 2022"]
[White "Moskalenko, Alexander"]
[Black "Aloma Vidal, Robert"]
[WhiteFideId "4155351"]
[BlackFideId "2260409"]
[WhiteElo "2515"]
[BlackElo "2435"]
[Result "1-0"]
[Round "03"]
[TimeControl "180+1"]
[Date "2022.01.04"]
[WhiteClock "0:01:01"]
[BlackClock "0:00:02"]

1. c4 c6 2. d4 d5 3. Nf3 Nf6 4. e3 a6 5. Nbd2 g6 6. Bd3 Bg7 7. O-O O-O 8. b3 Bg4 9. h3 Bxf3 10. Nxf3 Nbd7 11. Bb2 e6 12. Qe2 Re8 13. Rfd1 b5 14. cxd5 cxd5 15. a4 bxa4 16. Rxa4 a5 17. Rda1 Ne4 18. b4 Rb8 19. bxa5 Ndc5 20. R4a3 Nxd3 21. Rxd3 Nd6 22. Bc3 Nc4 23. Be1 Qd6 24. Nd2 Nb2 25. Rb3 Qc6 26. a6 e5 27. Ra2 Rxb3 28. Nxb3 Nc4 29. dxe5 Bxe5 30. Qd3 Ra8 31. a7 Qb7 32. Nc5 Qc6 33. Bb4 Bd6 34. Ra6 Qb5 35. Qxd5 Qxb4 36. Qxa8+ Kg7 37. Rxd6 1-0


[Site "https://www.chess.com"]

[Event "Titled Tuesday Blitz January 04 2022"]
[White "Narayanan.S.L"]
[Black "Kozhuharov, Spas"]
[WhiteFideId "5058422"]
[BlackFideId "2905418"]
[WhiteElo "2494"]
[BlackElo "2379"]
[Result "1-0"]
[Round "03"]
[TimeControl "180+1"]
[Date "2022.01.04"]
[WhiteClock "0:00:39"]
[BlackClock "0:00:16"]

1. e3 d6 2. b3 e5 3. Bb2 f5 4. d4 e4 5. c4 Nf6 6. Nc3 c6 7. d5 c5 8. Nge2 g6 9. Nf4 Bg7 10. h4 Na6 11. Be2 Nc7 12. h5 a6 13. hxg6 hxg6 14. Rxh8+ Bxh8 15. Nxg6 Bg7 16. Nf4 Kf7 17. Bh5+ Kg8 18. Bg6 b5 19. Qe2 bxc4 20. Qxc4 Rb8 21. Qe2 a5 22. O-O-O Qd7 23. Rh1 Ba6 24. Qd1 c4 25. Nh5 Nxh5 26. Qxh5 cxb3 27. Bxf5 Qe7 28. Qg6 Kf8 29. Nxe4 Bxb2+ 30. Kxb2 Qe5+ 31. Nc3 bxa2+ 32. Kc2 Nxd5 33. Qh6+ Ke8 34. Qg6+ Kd8 35. Qg8+ Kc7 36. Qxd5 1-0


[Site "https://www.chess.com"]

[Event "Titled Tuesday Blitz January 04 2022"]
[White "Ohanyan, Emin"]
[Black "Sjugirov, Sanan"]
[WhiteFideId "13312022"]
[BlackFideId "4189302"]
[WhiteElo "1809"]
[BlackElo "2602"]
[Result "0-1"]
[Round "03"]
[TimeControl "180+1"]
[Date "2022.01.04"]
[WhiteClock "0:00:02"]
[BlackClock "0:01:06"]

1. e4 e6 2. d4 d5 3. Nc3 Bb4 4. e5 c5 5. a3 Bxc3+ 6. bxc3 Nc6 7. Qg4 g6 8. Nf3 Qa5 9. Bd2 c4 10. Be2 Bd7 11. h4 h6 12. h5 g5 13. Nh2 O-O-O 14. f4 f5 15. Qg3 g4 16. Nf1 Nge7 17. Ne3 Kb8 18. Qh4 Rdf8 19. Kf2 Nc8 20. Rhd1 Nb6 21. Qh1 Na4 22. Qe1 Ka8 23. Nf1 b5 24. Ke3 Rb8 25. Rdb1 Qd8 26. Qg3 Qe7 27. Be1 Rb6 28. Qh4 Qxh4 29. Bxh4 Nxc3 30. Re1 Rhb8 31. Bf6 Rg8 32. Ng3 Be8 33. Kd2 Na4 34. c3 Rb7 35. Bd1 Na5 36. Rb1 Nb6 37. Bc2 a6 38. Rh1 Nd7 39. Bh4 Nb6 40. Ra1 Ka7 41. Rab1 Bf7 42. Nf1 Rc8 43. Be1 Be8 44. Ne3 Na4 0-1


[Site "https://www.chess.com"]

[Event "Titled Tuesday Blitz January 04 2022"]
[White "Ozen, Bahadir"]
[Black "Sanal, Vahap"]
[WhiteFideId "6337058"]
[BlackFideId "6300545"]
[WhiteElo "2503"]
[BlackElo "2603"]
[Result "0-1"]
[Round "03"]
[TimeControl "180+1"]
[Date "2022.01.04"]
[WhiteClock "0:00:35"]
[BlackClock "0:01:45"]

1. d4 Nf6 2. Nf3 d5 3. c4 e6 4. Nc3 c6 5. Bg5 h6 6. Bxf6 Qxf6 7. e3 g6 8. Be2 Bg7 9. O-O O-O 10. cxd5 exd5 11. b4 Be6 12. Rc1 Nd7 13. b5 Rfc8 14. bxc6 bxc6 15. Na4 Bf8 16. Qd2 a5 17. Rc2 Bb4 18. Qc1 Bf5 19. Rd1 Bxc2 20. Qxc2 Kg7 21. g3 Rab8 22. Kg2 c5 23. dxc5 Nxc5 24. Rxd5 Nxa4 25. Qxa4 Rc3 26. Qd7 Rc2 27. Nd4 Rxa2 28. Bf3 Be1 29. Ne2 Rxe2 30. Bxe2 Qxf2+ 31. Kh3 Qxe2 32. Qxf7+ 0-1


[Site "https://www.chess.com"]

[Event "Titled Tuesday Blitz January 04 2022"]
[White "Padmini, Rout"]
[Black "Sipila, Vilka"]
[WhiteFideId "5029295"]
[BlackFideId "505455"]
[WhiteElo "2181"]
[BlackElo "2329"]
[Result "1-0"]
[Round "03"]
[TimeControl "180+1"]
[Date "2022.01.04"]
[WhiteClock "0:00:24"]
[BlackClock "0:00:47"]

1. Nf3 f5 2. d4 Nf6 3. Nc3 g6 4. Bg5 Ne4 5. Nxe4 fxe4 6. Nd2 d5 7. c4 Bg7 8. e3 c6 9. Qb3 h6 10. Bf4 e6 11. O-O-O O-O 12. f3 exf3 13. Nxf3 Nd7 14. Bd3 e5 15. Nxe5 Nxe5 16. dxe5 g5 17. Bg3 Be6 18. Bb1 Qc7 19. Rhf1 Bxe5 20. Qc2 Bxg3 21. Qg6+ Qg7 22. Qxe6+ Kh8 23. hxg3 Rae8 24. Rxf8+ Qxf8 25. Qg6 Re7 26. Rh1 Qg7 27. Rxh6+ Kg8 28. Qh5 Qe5 29. Rg6+ Kf8 30. Qh6+ Kf7 31. Qxg5 Qxe3+ 32. Qxe3 Rxe3 33. Rg4 Re1+ 34. Kc2 Re2+ 35. Kb3 Rxg2 36. cxd5 cxd5 37. Bf5 Kf6 38. Bc8 b6 39. Bb7 Ke6 40. Rg5 Rd2 41. Kc3 Rd1 42. Rg7 d4+ 43. Kc2 Rg1 44. Bc8+ Ke5 45. Rg5+ Ke4 46. Bb7+ Ke3 47. Re5+ Kf2 48. Re4 Rxg3 49. Rxd4 Rg7 50. Rd2+ Ke3 51. Ba6 Rc7+ 52. Kd1 Rg7 53. Rd3+ Ke4 54. Kc2 Rg5 55. a3 Ra5 56. Bb7+ Ke5 57. b4 Rb5 58. Bc6 Rc5+ 59. bxc5 bxc5 60. Rd5+ Ke6 61. Rxc5 Kd6 62. Rc3 Kc7 63. a4 Kb6 64. Bh1 Ka5 65. Kb3 Kb6 66. Rc6+ Ka5 67. Rc5+ Kb6 68. Rh5 Ka6 69. Kb4 Kb6 70. Bg2 Ka6 71. Bf1+ Kb6 72. a5+ Kb7 73. Rh6 Kc7 74. Kc5 Kb7 75. Be2 a6 76. Rh7+ Kc8 77. Kd6 Kb8 78. Kc6 Ka8 79. Kb6 Kb8 80. Rh8# 1-0


[Site "https://www.chess.com"]

[Event "Titled Tuesday Blitz January 04 2022"]
[White "Piesik, Piotr"]
[Black "Perez Ponsa, Federico"]
[WhiteFideId "1136194"]
[BlackFideId "117927"]
[WhiteElo "2232"]
[BlackElo "2672"]
[Result "0-1"]
[Round "03"]
[TimeControl "180+1"]
[Date "2022.01.04"]
[WhiteClock "0:01:17"]
[BlackClock "0:00:29"]

1. Nf3 Nf6 2. g3 g6 3. Bg2 Bg7 4. O-O O-O 5. d4 d6 6. Nbd2 Nbd7 7. e4 e5 8. dxe5 dxe5 9. Qe2 c6 10. a4 Re8 11. b3 a5 12. Bb2 Qc7 13. Rfd1 b6 14. Nc4 Ba6 15. Nfd2 b5 16. axb5 cxb5 17. Ne3 b4 18. Ndc4 Bb5 19. Qd2 Reb8 20. Qd6 Qxd6 21. Nxd6 Bc6 22. f3 a4 23. bxa4 Rxa4 24. Bf1 Bf8 25. Rxa4 Bxa4 26. Bc4 Bxd6 27. Rxd6 Kf8 28. Ra6 Bb5 29. Bxb5 Rxb5 30. Kf2 Kg7 31. Ke2 b3 32. c4 Rb8 33. Ra5 Ne8 34. c5 Rc8 35. Ba3 Nc7 36. c6 Nb6 37. Bb2 f6 38. Rb5 Nxb5 0-1


[Site "https://www.chess.com"]

[Event "Titled Tuesday Blitz January 04 2022"]
[White "Piorun, Kacper"]
[Black "Volkov, Maksim"]
[WhiteFideId "1130420"]
[BlackFideId "54123070"]
[WhiteElo "2571"]
[BlackElo "2081"]
[Result "1/2-1/2"]
[Round "03"]
[TimeControl "180+1"]
[Date "2022.01.04"]
[WhiteClock "0:00:53"]
[BlackClock "0:00:24"]

1. e4 c5 2. Nc3 e6 3. g3 d5 4. d3 Nf6 5. Bg2 Nc6 6. f4 dxe4 7. dxe4 Qxd1+ 8. Nxd1 e5 9. Ne3 Bd6 10. Ne2 O-O 11. f5 b5 12. a4 bxa4 13. Rxa4 a5 14. g4 h6 15. h4 Ba6 16. g5 Nh5 17. Bf3 Bxe2 18. Bxe2 Ng3 19. Rh3 Nxe2 20. Kxe2 Nd4+ 21. Kf2 Rfc8 22. Nc4 Bc7 23. gxh6 gxh6 24. c3 Nb5 25. Bxh6 Rd8 26. Ke2 Rd7 27. Be3 Rad8 28. Bxc5 Rd1 29. Rg3+ Kh7 30. Rg1 R1d3 31. Be3 Rxc3 32. Rc1 Rb3 33. Rc2 Nd4+ 34. Bxd4 Rxd4 35. Rc3 Rxe4+ 36. Kf3 Rf4+ 37. Ke3 Rxc3+ 38. bxc3 Rxh4 39. Nb2 Bb6+ 40. Kd3 Rh3+ 41. Kc4 Kg7 42. Kb5 Bd8 43. Rg4+ Kf6 44. Rg8 Bc7 45. Na4 e4 46. Re8 e3 47. Nc5 Kxf5 48. Re7 Bd6 49. Rxf7+ Kg6 50. Rd7 Bxc5 51. Kxc5 e2 52. Re7 Rxc3+ 53. Kd4 Rc2 54. Kd3 Rb2 55. Rxe2 Rxe2 56. Kxe2 a4 57. Kd3 a3 58. Kc2 a2 59. Kb2 a1=Q+ 60. Kxa1 1/2-1/2


[Site "https://www.chess.com"]

[Event "Titled Tuesday Blitz January 04 2022"]
[White "Riehle, Marco"]
[Black "Roshka, Yevgeniy"]
[WhiteFideId "12904392"]
[BlackFideId "14129558"]
[WhiteElo "2462"]
[BlackElo "2437"]
[Result "0-1"]
[Round "03"]
[TimeControl "180+1"]
[Date "2022.01.04"]
[WhiteClock "0:00:24"]
[BlackClock "0:01:13"]

1. e4 d5 2. exd5 Qxd5 3. Nc3 Qd6 4. d4 Nf6 5. Nf3 a6 6. Bc4 b5 7. Bb3 Bb7 8. O-O Nbd7 9. Re1 c5 10. dxc5 Qxd1 11. Rxd1 Nxc5 12. Bd5 Nxd5 13. Nxd5 Bxd5 14. Rxd5 e6 15. Rd4 Be7 16. c3 Bf6 17. Rd1 O-O 18. Be3 Na4 19. Rab1 Rfd8 20. Bd4 Bxd4 21. Rxd4 Rxd4 22. Nxd4 e5 23. Nf3 f6 24. Kf1 Rc8 25. Ke1 Rd8 26. Ke2 Kf7 27. Nd2 Ke6 28. c4 b4 29. Kd1 Nc3+ 30. bxc3 bxc3 31. Rb6+ Kf5 32. Kc2 Rxd2+ 33. Kxc3 Rxa2 34. c5 Rxf2 35. c6 Ke6 36. Rxa6 Rxg2 37. Ra7 Kd6 38. c7 Kd7 39. Kd3 f5 40. Kc4 e4 41. Kd4 g6 42. c8=Q+ Kxc8 43. Rxh7 Kd8 44. h4 Ke8 45. h5 gxh5 46. Rxh5 Rf2 47. Rh7 Rf3 48. Ra7 e3 49. Ra8+ Kf7 50. Ra7+ Kf6 51. Ra6+ Kg5 52. Re6 f4 53. Kc5 Rf2 54. Kc6 e2 55. Re5+ Kg4 56. Kb7 f3 57. Re4+ Kg3 58. Re3 Rf1 59. Re6 e1=Q 60. Rb6 Qe7+ 61. Kb8 Qd8+ 62. Kb7 Qxb6+ 63. Ka8 Qb5 0-1


[Site "https://www.chess.com"]

[Event "Titled Tuesday Blitz January 04 2022"]
[White "Senthil Maran K"]
[Black "Ibrahimli, Murad"]
[WhiteFideId "25035681"]
[BlackFideId "13410229"]
[WhiteElo "2194"]
[BlackElo "2109"]
[Result "0-1"]
[Round "03"]
[TimeControl "180+1"]
[Date "2022.01.04"]
[WhiteClock "0:00:01"]
[BlackClock "0:00:56"]

1. d4 Nf6 2. Nf3 e6 3. g3 b5 4. Bg2 Bb7 5. O-O Be7 6. a4 b4 7. c4 bxc3 8. Nxc3 O-O 9. a5 Na6 10. Re1 Bb4 11. Qd3 c5 12. Bd2 Rc8 13. dxc5 Bxc5 14. Qb5 Rb8 15. Qc4 d5 16. Qa4 Ne4 17. Be3 Bxe3 18. fxe3 Nxc3 19. bxc3 Nc5 20. Qc2 Ba6 21. Nd4 Qg5 22. Kf2 e5 23. Nf3 Qf6 24. Kg1 Rbc8 25. Reb1 Ne4 26. Ra3 Qd6 27. Qc1 f6 28. Rab3 Bxe2 29. Qe1 Bd3 30. Rc1 Rb8 31. Rxb8 Rxb8 32. Nd2 Nc5 33. Nf3 Be4 34. Nd2 Bxg2 35. Kxg2 Nd3 36. Qf1 Nxc1 37. Qxc1 Qc6 38. Kg1 Qc5 39. Kf2 Qxa5 40. Qc2 Qa3 41. Qd3 Qc5 42. Ke2 g6 43. g4 e4 44. Qc2 Qb5+ 45. Kf2 Qd3 46. Qa2 f5 47. gxf5 Rf8 48. f6 Rxf6+ 49. Kg2 Qe2+ 50. Kg3 Qxe3+ 51. Kg2 Rf2+ 52. Kg1 Rxd2+ 53. Kf1 Qe2+ 0-1


[Site "https://www.chess.com"]

[Event "Titled Tuesday Blitz January 04 2022"]
[White "Svane, Frederik"]
[Black "Navalgund, Niranjan"]
[WhiteFideId "12923044"]
[BlackFideId "5030854"]
[WhiteElo "2459"]
[BlackElo "2290"]
[Result "0-1"]
[Round "03"]
[TimeControl "180+1"]
[Date "2022.01.04"]
[WhiteClock "0:00:01"]
[BlackClock "0:00:11"]

1. e4 e5 2. Nf3 Nc6 3. Bb5 a6 4. Ba4 Nf6 5. O-O Be7 6. d3 d6 7. c3 O-O 8. Re1 Nd7 9. d4 Bf6 10. Be3 g6 11. Nbd2 Bg7 12. h3 Kh8 13. Nf1 f5 14. Bg5 Qe8 15. dxe5 Ncxe5 16. exf5 Rxf5 17. Ng3 Rf8 18. Nxe5 dxe5 19. Ne4 b5 20. Bb3 Bb7 21. Bd5 Bxd5 22. Qxd5 Nb6 23. Qc5 Na4 24. Qa3 Qc6 25. b3 Nb6 26. Rad1 h6 27. Bc1 Nd5 28. Qb2 Rad8 29. Qc2 Kh7 30. Ba3 Rfe8 31. c4 Nf4 32. Bc1 Ne6 33. Be3 Nd4 34. Bxd4 exd4 35. Qd3 Re5 36. Nd2 Rde8 37. Rxe5 Rxe5 38. Nf3 Re4 39. Rc1 b4 40. Rc2 Qe6 41. c5 a5 42. Rc1 Qd5 43. Nd2 Re7 44. Nf3 Bf6 45. h4 c6 46. Rc4 Re4 47. Rc1 Bxh4 48. Rd1 Bf6 49. Nd2 Re6 50. Nc4 Qxc5 51. Qh3 Qf5 52. Qg3 Be5 53. Qh4 g5 54. Qh5 Bc7 55. Qh1 Qe4 56. Qh3 Qe1+ 57. Rxe1 Rxe1# 0-1


[Site "https://www.chess.com"]